 Dungeon Crawl Stone Soup version 0.28-a0-465-ge2dae52223 (webtiles) character file.

Game seed: 15823900367245917019

30704 olmar the Cleaver (level 13, -7/118 HPs)
             Began as a Deep Dwarf Fighter on Sept 14, 2021.
             Was an Initiate of Gozag.
             Killed from afar by a tengu reaver (32 damage)
             ... with a bolt of acid
             ... on level 12 of the Dungeon.
             The game lasted 00:34:25 (10324 turns).

olmar the Cleaver (Deep Dwarf Fighter)             Turns: 10324, Time: 00:34:25

Health: -7/118     AC: 20    Str: 26    XL:     13   Next: 22%
Magic:  0/0 (1)    EV: 13    Int: 12    God:    Gozag
Gold:   1895       SH: 11    Dex: 12    Spells: 12/12 levels left

rFire   . . .      SeeInvis .   D - +9 mace of Broken Luck {elec, rElec rPois}
rCold   + . .      Faith    .   c - +0 buckler
rNeg    . . .      Spirit   .   q - +0 plate armour
rPois   +          Reflect  +   u - +0 helmet
rElec   +          Harm     .   w - +0 cloak
rCorr   .          Rampage  .   d - +1 pair of gloves of Byufohej {rPois rC+ MP-9 Int+6}
Will    ++...                   t - +0 pair of boots
Stlth   ..........              s - amulet of reflection
HPRegen 0.00/turn               j - +4 ring of evasion
MPRegen 0.07/turn               p - ring of willpower

@: about to teleport, corroded
A: damage resistance, heal wounds, sense surroundings 2, no regeneration,
iridescent scales 1, dopey 1
a: Heal Wounds, Renounce Religion, Potion Petition, Call Merchant, Bribe Branch


You were on level 12 of the Dungeon.
You worshipped Gozag.
Gozag was most pleased with you.
You visited 3 branches of the dungeon, and saw 16 of its levels.

You collected 2887 gold pieces.
You spent 289 gold pieces at shops.
You paid 703 gold pieces to Gozag.

Inventory:

Hand Weapons
 a - a +1 war axe
 D - the +9 mace of Broken Luck (weapon) {elec, rElec rPois}
   (You found it on level 1 of the Lair of Beasts)

   It occasionally discharges a powerful burst of electricity upon striking a
   foe.
   rElec:     It insulates you from electricity.
   rPois:     It protects you from poison.
Missiles
 B - a throwing net (quivered)
Armour
 b - a +0 scale mail
 c - a +0 buckler (worn)
 d - the +1 pair of gloves of Byufohej (worn) {rPois rC+ MP-9 Int+6}
   (You acquired it on level 8 of the Dungeon)

   Int:       It affects your intelligence (+6).
   rC:        It protects you from cold.
   rPois:     It protects you from poison.
   MP:        It affects your magic capacity (-9).
 h - a +0 chain mail
 q - a +0 plate armour (worn)
 t - a +0 pair of boots (worn)
 u - a +0 helmet (worn)
 w - a +0 cloak (worn)
Jewellery
 j - a +4 ring of evasion (left hand)
 n - a ring of wizardry
 p - a ring of willpower (right hand)
 s - an amulet of reflection (around neck)
 y - a ring of ice
 A - a ring of resist corrosion
Wands
 v - a wand of digging (3)
 E - a wand of flame (16)
Scrolls
 i - 9 scrolls of vulnerability
 k - 2 scrolls of enchant armour
 l - 5 scrolls of blinking
 m - 4 scrolls of immolation
 r - 3 scrolls of identify
 x - 2 scrolls of teleportation
 F - a scroll of noise
 G - a scroll of silence
Potions
 e - 4 potions of curing
 f - 3 potions of mutation
 o - 3 potions of brilliance
Miscellaneous
 C - a lightning rod (inert)


   Skills:
 + Level 8.3 Fighting
 + Level 12.8(14.2) Axes
 + Level 9.8(12.2) Maces & Flails
 + Level 12.1 Armour
 - Level 3.5 Dodging
 - Level 3.6 Stealth
 + Level 9.3 Shields
 + Level 4.9 Evocations


You had 12 spell levels left.
You didn't know any spells.
Your spell library contained the following spells:

 Spells                   Type           Power      Damage    Failure   Level
 Animate Skeleton         Necr           0%         N/A       95%         1
 Pain                     Necr           0%         1d4       95%         1
 Blink                    Tloc           N/A        N/A       99%         2
 Inner Flame              Hex/Fire       0%         N/A       100%        3
 Ozocubu's Armour         Ice            0%         N/A       100%        3
 Vampiric Draining        Necr           0%         2d6       100%        3
 Cause Fear               Hex            0%         N/A       100%        4
 Manifold Assault         Tloc           0%         N/A       100%        5
 Metabolic Englaciation   Hex/Ice        0%         N/A       100%        5
 Summon Forest            Summ/Tloc      0%         N/A       100%        5
 Summon Mana Viper        Hex/Summ       0%         N/A       100%        5
 Simulacrum               Ice/Necr       0%         N/A       100%        6
 Summon Cactus Giant      Summ           0%         N/A       100%        6
 Storm Form               Tmut/Air       0%         N/A       100%        7
 Discord                  Hex            0%         N/A       100%        8


Dungeon Overview and Level Annotations

Branches:
Dungeon (13/15)            Temple (0/1) D:5            Lair (2/6) D:8
  Swamp (0/4) Lair:2        Snake (0/4) Lair:2          Orc (1/2) D:9
 Vaults: D:13-14

Altars:
Ashenzari
Elyvilon
Gozag
Hepliaklqana
Kikubaaqudgha
Makhleb
Nemelex Xobeh
Qazlal
Ru
Sif Muna
Uskayaw
Xom
Yredelemnul
The Shining One
Beogh

Shops:
D:5 =   D:12 ?

Annotations:
D:6 3 runed translucent doors, flotson's ghost, novice DjDe; heikuro's ghost, amateur FoAK
D:9 exclusion: 2 oklob saplings


Innate Abilities, Weirdness & Mutations

You are resistant to damage.
You can heal yourself by infusing magical energy.
You passively map the area around you.
You do not regenerate.
You are partially covered in iridescent scales. (AC +2)
You are dopey. (Int -2)


Message History

Unknown command.
The tengu reaver blocks your attack.
The tengu reaver is lightly wounded.
The tengu reaver is distracted by your dazzling golden aura.
Unknown command.
The tengu reaver blocks your attack.
The tengu reaver is no longer distracted by gold.
The tengu reaver shouts!
The tengu reaver is lightly wounded.
The tengu reaver hits you but does no damage.
The tengu reaver closely misses you. You block the tengu reaver's attack.
Unknown command.
The tengu reaver blocks your attack.
The tengu reaver is lightly wounded.
The deep elf zephyrmancer casts a spell.
The deep elf zephyrmancer blinks!
The tengu reaver points at you and mumbles some strange words.
The bolt of acid hits you!!!
* * * LOW HITPOINT WARNING * * *
The tengu reaver blocks your attack.
The tengu reaver is lightly wounded.
Your magical essence is drained by the effort!
You feel much better.
The tengu reaver hits you with a +2 vorpal broad axe.
The tengu reaver pecks you but does no damage.
You block the tengu reaver's attack.
Unknown command.
You feel much better.
The tengu reaver points at you and mumbles some strange words.
The bolt of acid hits you!! The acid corrodes you!
Unknown command.
As you read the scroll of teleportation, it crumbles to dust.
You feel strangely unstable. The tengu reaver casts a spell at you.
The bolt of fire hits you!!
* * * LOW HITPOINT WARNING * * *
The tengu reaver points at you and mumbles some strange words.
The bolt of acid hits you!!
You die...
Your body crumbles into a pile of gold.

####### *
#.....# *
,#..#$Q# ≈
,+.#⌠#.+ ≈
#..#@.# ≈ * *
#.....# ,
*###'### , ,,
#.# * ,
######'###### *
#≈≈≈≈≈≈≈≈≈≈≈#
#≈##.....##≈# *
* #≈#...⌠...#≈#
,
,,+≈..⌠...⌠..≈#


You could see a tengu reaver.

Vanquished Creatures
  A deep elf annihilator (D:12)
  Harold (D:7)
  2 hydras (Lair:2)
  A boulder beetle (D:12)
  A catoblepas (Lair:2)
  A centaur warrior (D:13)
  2 ogre magi (D:12)
  5 two-headed ogres
  4 deep elf pyromancers (D:12)
  A cyclops (D:11)
  An orc sorcerer (Orc:1)
  Joseph (D:9)
  6 elephants (Lair:2)
  A centaur zombie (D:10)
  A molten gargoyle (D:12)
  A cane toad (Lair:2)
  4 kobold demonologists
  2 tengu conjurers (D:12)
  2 komodo dragons
  A troll (D:12)
  5 blink frogs (Lair:1)
  Prince Ribbit (D:5)
  A hornet (D:9)
  Sigmund (D:3)
  A wraith (D:8)
  A shadow (D:7)
  A wyvern (D:8)
  25 yaks
  2 basilisks
  5 nagas (Lair:2)
  5 swamp worms (Lair:2)
  2 wargs (Orc:1)
  An acid dragon (D:8)
  8 water moccasins
  An ice beast (D:8)
  7 orc warriors
  3 sky beasts
  4 black bears
  A hornet zombie (D:8)
  An ogre (D:5)
  6 centaurs
  6 bullfrogs
  4 scorpions
  A water moccasin skeleton (D:5)
  20 killer bees
  5 wights (D:9)
  2 howler monkeys
  An electric eel (D:8)
  2 lava snakes (D:12)
  A bullfrog zombie (D:6)
  A gnoll shaman (D:9)
  6 hounds
  5 orc priests
  A centaur skeleton (D:4)
  Natasha (twice) (D:3)
  An iguana (Lair:2)
  Terence (D:2)
  10 orc wizards
  A killer bee zombie (D:8)
  A hound skeleton (D:4)
  8 gnolls
  9 adders
  2 shadow imps
  2 white imps
  An ufetubus (D:4)
  An adder skeleton (D:4)
  2 worms
  3 dart slugs
  40 orcs
  13 ball pythons
  4 bats
  5 endoplasms
  2 giant cockroaches
  3 hobgoblins
  2 jackals (D:1)
  5 quokkas
  3 frilled lizards
  4 goblins
  6 kobolds
  6 rats
  A spectral orc (D:5)
314 creatures vanquished.

Vanquished Creatures (others)
  2 deep elf pyromancers (D:12)
  An orc wizard (D:5)
  A bush (Lair:2)
  14 fungi
  10 plants
28 creatures vanquished.

Grand Total: 342 creatures vanquished

Notes
Turn   | Place    | Note
-------+----------+-------------------------------------------
     0 | D:1      | olmar the Deep Dwarf Fighter began the quest for the Orb.
     0 | D:1      | Reached XP level 1. HP: 20/20 MP: 1/1
   107 | D:1      | Found a faded altar of an unknown god.
   211 | D:1      | Reached XP level 2. HP: 16/27 MP: 2/2
  1063 | D:2      | Reached XP level 3. HP: 22/33 MP: 3/3
  1180 | D:2      | Reached skill level 1 in Dodging
  1351 | D:2      | Noticed Terence
  1361 | D:2      | Killed Terence
  1362 | D:2      | Reached XP level 4. HP: 34/40 MP: 4/4
  1811 | D:3      | Noticed Natasha
  1813 | D:3      | Noticed a sky beast
  1815 | D:3      | Killed Natasha
  1816 | D:3      | Reached skill level 5 in Armour
  1830 | D:3      | Killed a sky beast
  1831 | D:3      | Reached XP level 5. HP: 17/49 MP: 5/5
  2040 | D:3      | Reached XP level 6. HP: 18/56 MP: 6/6
  2102 | D:3      | Noticed Natasha
  2103 | D:3      | Noticed Sigmund
  2109 | D:3      | Killed Natasha
  2119 | D:3      | Killed Sigmund
  2120 | D:3      | Reached skill level 5 in Axes
  2599 | D:4      | Reached XP level 7. HP: 39/62 MP: 7/7
  2663 | D:4      | Found a hide-covered altar of Uskayaw.
  2706 | D:4      | Found an opulent altar of Gozag.
  2710 | D:4      | Became a worshipper of Gozag Ym Sagoz the Greedy
  3239 | D:5      | Entered Level 5 of the Dungeon
  3239 | D:5      | Noticed Prince Ribbit
  3268 | D:5      | Killed Prince Ribbit
  3271 | D:5      | Gained mutation: You are partially covered in iridescent
                  | scales. (AC +2) [potion of mutation]
  3271 | D:5      | Gained mutation: You are dopey. (Int -2) [potion of
                  | mutation]
  3274 | D:5      | Found a staircase to the Ecumenical Temple.
  3281 | D:5      | Reached XP level 8. HP: 28/72 MP: 8/8
  3332 | D:5      | Found Inifuept's Jewellery Emporium.
  3393 | D:5      | Reached skill level 1 in Evocations
  3409 | D:5      | Found a sacrificial altar of Ru.
  3569 | D:5      | Reached skill level 5 in Shields
  3629 | D:5      | Bought a ring of willpower for 275 gold pieces
  3724 | D:5      | Found a hazy altar of Hepliaklqana.
  3804 | D:6      | Found a runed translucent gate.
  3804 | D:6      | Found a runed translucent gate.
  3806 | D:6      | Found a runed translucent gate.
  3825 | D:6      | Found a shimmering altar of Xom.
  3842 | D:6      | Found a shimmering altar of Xom.
  3866 | D:6      | Found a shimmering altar of Xom.
  3866 | D:6      | Found a shimmering altar of Xom.
  4131 | D:6      | Found an ancient bone altar of Kikubaaqudgha.
  4214 | D:6      | Noticed flotson's ghost (novice DjDe)
  4215 | D:6      | Noticed heikuro's ghost (amateur FoAK)
  4278 | D:7      | Reached skill level 1 in Stealth
  4278 | D:7      | Gained mutation: You passively map the area around you.
                  | [Deep Dwarf growth]
  4278 | D:7      | Reached XP level 9. HP: 48/79 MP: 8/8
  4483 | D:7      | Found a burning altar of Makhleb.
  4528 | D:7      | Found a broken altar of Ashenzari.
  4531 | D:7      | Noticed Harold
  4539 | D:7      | HP: 3/79 [Harold (12)]
  4548 | D:7      | Killed Harold
  4549 | D:7      | Reached skill level 5 in Fighting
  4857 | D:8      | Reached skill level 10 in Axes
  4962 | D:8      | Reached XP level 10. HP: 39/88 MP: 8/8
  5039 | D:8      | Identified a scroll of acquirement
  5045 | D:8      | Found a staircase to the Lair.
  5046 | D:8      | Acquired the +1 pair of gloves of Byufohej {rPois rC+ MP-9
                  | Int+6}
  5339 | D:8      | Found a sparkling altar of Nemelex Xobeh.
  5345 | D:8      | Found a glowing golden altar of the Shining One.
  5346 | D:8      | Found a white marble altar of Elyvilon.
  5717 | D:9      | Noticed Joseph
  5741 | D:9      | Killed Joseph
  5999 | D:9      | Noticed a two-headed ogre
  6041 | Lair:1   | Entered Level 1 of the Lair of Beasts
  6470 | Lair:1   | Reached XP level 11. HP: 37/97 MP: 0/6
  6545 | Lair:1   | Identified the +9 mace of Broken Luck {elec, rElec rPois}
  6864 | Lair:2   | Noticed a catoblepas
  6875 | Lair:2   | Killed a catoblepas
  7023 | Lair:2   | Reached skill level 1 in Maces & Flails
  7077 | Lair:2   | Found a staircase to the Snake Pit.
  7295 | Lair:2   | Noticed a seven-headed hydra
  7296 | Lair:2   | Noticed a five-headed hydra
  7308 | Lair:2   | Killed a seven-headed hydra
  7309 | Lair:2   | Reached skill level 10 in Armour
  7311 | Lair:2   | Killed a five-headed hydra
  7347 | Lair:2   | Found a staircase to the Swamp.
  7688 | Lair:2   | Reached skill level 5 in Maces & Flails
  7725 | Lair:2   | Reached XP level 12. HP: 89/109 MP: 0/6
  7938 | D:8      | Killed a two-headed ogre
  8043 | D:9      | Noticed a two-headed ogre
  8053 | D:9      | Killed a two-headed ogre
  8070 | D:9      | Noticed a two-headed ogre
  8081 | D:9      | Killed a two-headed ogre
  8172 | D:9      | Found a staircase to the Orcish Mines.
  8440 | Orc:1    | Entered Level 1 of the Orcish Mines
  8476 | D:9      | Upgraded the game from 0.28-a0-461-g2dc4ca5097 to
                  | 0.28-a0-465-ge2dae52223
  8988 | D:10     | Entered Level 10 of the Dungeon
  9055 | D:10     | Noticed a two-headed ogre
  9064 | D:10     | Killed a two-headed ogre
  9109 | D:10     | Found a basalt altar of Yredelemnul.
  9727 | D:11     | Found a stormy altar of Qazlal.
  9727 | D:11     | Noticed a two-headed ogre
  9744 | D:11     | Killed a two-headed ogre
  9823 | D:11     | You fall into a shaft and drop 2 floors!
  9837 | D:13     | Noticed a centaur warrior
  9843 | D:13     | Killed a centaur warrior
 10025 | D:12     | Found Woekod's Magic Scroll Shoppe.
 10026 | D:12     | Noticed a boulder beetle
 10103 | D:12     | Bought a scroll of noise for 14 gold pieces
 10139 | D:12     | Killed a boulder beetle
 10160 | D:12     | Noticed an ogre mage
 10169 | D:12     | Killed an ogre mage
 10170 | D:12     | Reached XP level 13. HP: 64/117 MP: 0/4
 10240 | D:12     | Found a shimmering blue altar of Sif Muna.
 10293 | D:12     | Noticed a deep elf annihilator
 10294 | D:12     | Noticed a tengu reaver
 10302 | D:12     | Killed a deep elf annihilator
 10324 | D:12     | Killed from afar by a tengu reaver

Illustrated notes

Levels and vault maps discovered:
D:1:      lemuel_arrival_river_ford, layout_basic,
          dreamdust_ecumenical_altar_angels_and_demons
D:2:      layout_loops_corners, uniq_terence
D:3:      layout_rooms, uniq_natasha, uniq_sigmund
D:4:      layout_basic, mainiacjoe_overflow_big_doors, serial_rivers,
          chequers_serial_rivers_room_a, chequers_serial_rivers_small_3,
          chequers_serial_rivers_marsh, chequers_serial_rivers_micro_d,
          chequers_serial_rivers_micro_e, chequers_serial_rivers_small_3
D:5:      layout_rooms, mainiacjoe_overflow_boulevard,
          nicolae_hepliaklqana_monster_ancestors, minmay_temple_entry_glass,
          serial_shops, nicolae_shop_trees, uniq_prince_ribbit1
D:6:      layout_cave_pools, xom_redecorated,
          nicolae_kikubaaqudgha_miasma_corner, gammafunk_ghost_cemetery
D:7:      layout_cave_pools, nicolae_overflow_crystal_walls,
          makhleb_heckhound_becter, uniq_harold
D:8:      layout_loops_corners, gammafunk_temple_overflow_forgotten,
          david_lair_generic, minmay_crystal_water
D:9:      layout_small_grid, david_orc_5, introduction_to_nature_1, uniq_joseph
D:10:     layout_irregular_city, overflow_temple_1_default
D:11:     layout_grid_maze, gammafunk_ghost_cemetery, hangedman_feature_mirror,
          minmay_variable_closet, minmay_misc_feat_room
D:12:     evilmike_library_of_no_secrets, layout_basic, gauntlet_entry_generic,
          serial_shops, nicolae_inconvenience_store
D:13:     layout_cave_pools, beargit_elvish_explorers
Lair:1:   layout_regular_city
Lair:2:   layout_loops_ring, palyth_hydra_swamp_entry,
          minmay_snake_entry_guardpost_medium
Orc:1:    layout_caves, mines2_lemuel

Skill      XL: |  1  2  3  4  5  6  7  8  9 10 11 12 13 |
---------------+----------------------------------------+-----
Axes           | 3 4 5 6 8 10 12 | 12.8
Armour         | 4 5 6 7 8 9 10 11 12 | 12.1
Dodging        | 1 3 |  3.5
Fighting       | 3 4 5 6 7 8 |  8.3
Shields        | 4 5 6 7 8 9 |  9.3
Evocations     | 1 3 4 |  4.9
Stealth        | 1 3 |  3.6
Maces & Flails | 6 9 |  9.8

Action                   |  1- 3 |  4- 6 |  7- 9 | 10-12 | 13-15 || total
-------------------------+-------+-------+-------+-------+-------++-------
Melee: War axe           |    93 |   141 |   260 |   238 |       ||   732
       Mace              |       |       |       |   456 |    80 ||   536
Throw: Throwing net      |       |       |       |     7 |       ||     7
Invok: Potion Petition   |       |       |       |     1 |       ||     1
 Abil: Heal Wounds       |     2 |     3 |    13 |    29 |    14 ||    61
Evoke: Wand              |       |       |    21 |    11 |     4 ||    36
       Lightning rod     |       |       |       |     8 |     5 ||    13
  Use: Scroll            |     1 |     1 |     3 |     8 |     2 ||    15
       Potion            |       |     1 |     4 |     8 |     1 ||    14
 Stab: Paralysed         |       |       |     6 |       |       ||     6
       Distracted        |       |       |       |     3 |       ||     3
       Held in net/web   |       |       |       |     4 |       ||     4
Armor: Scale mail        |    40 |       |       |       |       ||    40
       Chain mail        |       |    75 |   167 |    71 |       ||   313
       Plate armour      |       |       |       |   272 |    69 ||   341
Dodge: Dodged            |    35 |    51 |    99 |   403 |    36 ||   624
Block: Buckler           |    24 |    32 |    82 |   191 |    63 ||   392
       Reflection        |       |       |       |     1 |     3 ||     4

Table legend: (Time is in decaauts)
 A = Elapsed time spent in this place.
 B = Non-inter-level travel time spent in this place.
 C = Inter-level travel time spent in this place.
 D = Time resting spent in this place.
 E = Time spent auto-exploring this place.
 F = Levels seen in this place.
 G = Mean time per level.
                   A        B        C        D        E       F      G
               +--------+--------+--------+--------+--------+-----+--------+
         Total |  10374 |   9690 |    684 |    273 |   6688 |  16 |  648.4 |
       Dungeon |   8504 |   7907 |    597 |    162 |   5463 |  13 |  654.2 |
          Lair |   1845 |   1759 |     86 |    111 |   1225 |   2 |  922.5 |
  Orcish Mines |     24 |     24 |      0 |      0 |      0 |   1 |   24.0 |
               +--------+--------+--------+--------+--------+-----+--------+

Top non-repeatable levels by time:
     D:8: 1120 daAuts
     D:4: 1060 daAuts
     D:9: 1056 daAuts
  Lair:2: 1004 daAuts
     D:2: 922 daAuts
     D:1: 880 daAuts
  Lair:1: 840 daAuts
    D:10: 712 daAuts
     D:5: 551 daAuts
     D:6: 542 daAuts
     D:3: 533 daAuts
     D:7: 533 daAuts
    D:12: 397 daAuts
    D:11: 112 daAuts
    D:13: 81 daAuts
